 Dungeon Crawl Stone Soup version 0.27.0-1-g7a089689b8 (webtiles) character file.

Game seed: 2232270347320534756

813 Angani the Magician (level 7, -11/49 HPs)
             Began as a Palentonga Conjurer on July 30, 2021.
             Was an Initiate of Ashenzari.
             Killed from afar by Ijyb (16 damage)
             ... with a bolt of acid
             ... on level 3 of the Dungeon.
             The game lasted 00:25:36 (5223 turns).

Angani the Magician (Palentonga Conjurer)           Turns: 5223, Time: 00:25:37

Health: -11/49     AC:  9    Str: 10    XL:     7   Next: 61%
Magic:  1/16       EV:  9    Int: 21    God:    Ashenzari [......]
Gold:   57         SH:  0    Dex:  8    Spells: 11/18 levels left

rFire    . . .     SeeInvis +   b - staff of poison
rCold    . . .     Faith    .   (no shield)
rNeg     . . .     Spirit   .   a - +0 robe
rPois    +         Reflect  .   (no helmet)
rElec    .         Harm     .   l - +0 cloak
rCorr    .         Rampage  .   f - +0 pair of gloves
Will     .....                  (no barding)
Stlth    +.........             h - amulet of regeneration
HPRegen  1.16/turn              (no ring)
MPRegen  0.15/turn              (no ring)

@: corroded, very slightly contaminated, slowed, curled up, very slow
A: large, rugged brown scales 3, see invisible, deformed body, roll 1, armoured
tail, reflexive curl
a: Rolling Charge, Renounce Religion


You were on level 3 of the Dungeon.
You worshipped Ashenzari.
Ashenzari was noncommittal.
You visited 2 branches of the dungeon, and saw 6 of its levels.

You collected 192 gold pieces.
You spent 135 gold pieces at shops.

Inventory:

Missiles
 c - 2 silver javelins
Armour
 a - a +0 robe (worn)
 f - a +0 pair of gloves (worn)
 l - a +0 cloak (worn)
Magical Staves
 b - a staff of poison (weapon)
 d - a staff of cold
Jewellery
 h - an amulet of regeneration (around neck)
Wands
 m - a wand of iceblast (11)
Scrolls
 e - a scroll of torment
 g - a scroll of immolation
 n - 2 scrolls of teleportation
 o - a scroll of summoning
 p - a scroll of noise
 q - a scroll of magic mapping
 t - a scroll of enchant weapon
Potions
 i - 2 potions of heal wounds
 j - a potion of brilliance
 k - 3 potions of curing
 r - 2 potions of lignification
 s - a potion of ambrosia


   Skills:
 - Level 1.5 Dodging
 - Level 1.2 Stealth
 * Level 6.1 Spellcasting
 - Level 5.2 Conjurations
 + Level 3.7 Hexes


You had 11 spell levels left.
You knew the following spells:

 Your Spells              Type           Power      Damage    Failure   Level
a - Magic Dart            Conj           100%       1d8       1%          1
b - Searing Ray           Conj           56%        3d5       1%          2
c - Fulminant Prism       Conj/Hex       12%        3d9       16%         4

Your spell library contained the following spells:

 Spells                   Type           Power      Damage    Failure   Level
 Dazzling Flash           Conj/Hex       50%        N/A       4%          3
 Animate Skeleton         Necr           12%        N/A       10%         1
 Pain                     Necr           24%        1d5       10%         1
 Call Imp                 Summ           6%         N/A       14%         2
 Mephitic Cloud           Conj/Pois/Air  20%        N/A       14%         3
 Vampiric Draining        Necr           3%         2d6       28%         3
 Iskenderun's Mystic Bla  Conj/Tloc      17%        2d5       32%         4
 Conjure Ball Lightning   Conj/Air       8%         3x3d6     99%         6
 Discord                  Hex            11%        N/A       100%        8
 Disjunction              Tloc           3%         N/A       100%        8


Dungeon Overview and Level Annotations

Branches:
Dungeon (5/15)             Temple (1/1) D:5

Altars:
Ashenzari
Cheibriados
Dithmenos
Elyvilon
Fedhas
Gozag
Nemelex Xobeh
Okawaru
Qazlal
Sif Muna
Trog
Uskayaw
Vehumet
Wu Jian
Yredelemnul
The Shining One

Shops:
D:4 !   D:5 *

Annotations:
D:3 Ijyb


Innate Abilities, Weirdness & Mutations

You are completely covered in rugged brown scales. (AC +3, +7% HP)
You have supernaturally acute eyesight. (SInv)
Armour fits poorly on your strangely shaped body.
You can roll at nearby foes to attack.
You have a long armoured tail.
You curl defensively after being hit.


Message History

You miscast Fulminant Prism.
You are very lightly contaminated with residual magic.
Nothing appears to happen.
Ijyb zaps a wand.
The bolt of acid misses you.
Casting: Fulminant Prism (quite dangerous; 16% risk of failure)
Confirm with . or Enter, or press ? or * to list all spells.
The spell is quite dangerous to cast (16% risk of failure)!
Continue anyway?
Aiming: Fulminant Prism (quite dangerous; 16% risk of failure)
Press: ? - help, Dir - move target You miscast Fulminant Prism.
You feel a strange surge of energy.
You feel yourself slow down.
Ijyb zaps a wand.
The bolt of acid misses you.
Ijyb screams, "It's all mine!"
Press: ? - help, v - describe, . - travel
Here: Ijyb, wielding a +0 dagger, wearing a +0 leather armour and carrying a wand of acid (6)
The floor.
Unknown command.
Casting: Fulminant Prism (quite dangerous; 16% risk of failure)
Confirm with . or Enter, or press ? or * to list all spells.
Aiming: Searing Ray (safe; 1% risk of failure)
Press: ? - help, Shift-Dir - straight line, f - Ijyb
Aim: Ijyb, wielding a +0 dagger, wearing a +0 leather armour and carrying a wand of acid (6) (74% to hit)
The searing ray misses Ijyb. (Press . to maintain the ray.) Ijyb zaps a wand.
The bolt of acid hits you!
You are splashed with acid!
Unknown command.
Casting: Searing Ray (safe; 1% risk of failure)
Confirm with . or Enter, or press ? or * to list all spells.
Restarting spell: Searing Ray (safe; 1% risk of failure)
Press: ? - help, Shift-Dir - straight line, f/p - Ijyb
Aim: Ijyb, wielding a +0 dagger, wearing a +0 leather armour and carrying a wand of acid (5) (74% to hit)
The searing ray hits Ijyb!
Ijyb is heavily wounded. (Press . to maintain the ray.) Ijyb hits you with a +0 dagger.
The searing ray hits Ijyb.
Ijyb is severely wounded.
Ijyb zaps a wand.
The bolt of acid hits you! The acid corrodes you!
You are splashed with acid!
* * * LOW HITPOINT WARNING * * *
Ijyb zaps a wand.
The bolt of acid hits you!
You die...

#.# ....#..8..#.... #.#
..#..#...#..#.. #.#
.#...8...#. #.# #
.##...##. # #.# . ##.## .
#)##### ## #.# ## '.)...#
##.# #)###.## #g.#
#.#....# #####@########
#.#....# #............#
#.#....#####............#
#.#.....................#
#.#......)..............#
#.#.....................#
#.#.....................#
#.#.....................#
#.#........#....[.......#


You could see Ijyb.

Vanquished Creatures
  A centaur zombie (D:5)
  2 ogres
  A water moccasin skeleton (D:4)
  An orc priest (D:3)
  A bullfrog skeleton (D:5)
  An iguana (D:5)
  An orc wizard (D:4)
  A scorpion zombie (D:5)
  A killer bee zombie (D:5)
  3 adders
  3 gnolls (D:5)
  An ufetubus (D:4)
  11 orcs
  5 ball pythons
  4 bats
  5 endoplasms
  3 giant cockroaches
  7 goblins
  7 hobgoblins
  7 jackals
  3 quokkas
  4 frilled lizards
  5 kobolds
  7 rats
85 creatures vanquished.

Vanquished Creatures (others)
  A fulminant prism (D:3)
1 creature vanquished.

Grand Total: 86 creatures vanquished

Notes
Turn   | Place    | Note
-------+----------+-------------------------------------------
     0 | D:1      | Angani the Palentonga Conjurer began the quest for the Orb.
     0 | D:1      | Reached XP level 1. HP: 13/13 MP: 3/3
   464 | D:1      | Reached XP level 2. HP: 19/20 MP: 1/5
   542 | D:1      | Learned a level 2 spell: Searing Ray
  1099 | D:1      | You fall into a shaft and drop 1 floor!
  1431 | D:2      | Reached XP level 3. HP: 25/25 MP: 2/6
  2360 | D:3      | Found a faded altar of an unknown god.
  2505 | D:3      | Noticed Ijyb
  2837 | D:4      | Noticed an ogre
  2854 | D:4      | Killed an ogre
  2855 | D:4      | Reached skill level 3 in Spellcasting
  2855 | D:4      | Reached skill level 5 in Conjurations
  2855 | D:4      | Reached XP level 4. HP: 32/32 MP: 2/8
  2855 | D:4      | Reached XP level 5. HP: 37/37 MP: 2/9
  2920 | D:4      | Learned a level 4 spell: Fulminant Prism
  3373 | D:4      | Found Bayqion's Distillery.
  3381 | D:4      | Bought a potion of curing for 30 gold pieces
  3381 | D:4      | Bought 2 potions of curing for 60 gold pieces
  3416 | D:4      | Identified a scroll of acquirement
  3416 | D:4      | Acquired a staff of poison
  3701 | D:4      | Reached skill level 1 in Hexes
  3848 | D:4      | Reached skill level 4 in Spellcasting
  3974 | D:5      | Entered Level 5 of the Dungeon
  3980 | D:5      | Reached XP level 6. HP: 43/43 MP: 4/12
  4046 | D:5      | Reached skill level 5 in Spellcasting
  4046 | D:5      | Gained mutation: You curl defensively after being hit.
                  | [Palentonga growth]
  4046 | D:5      | Reached XP level 7. HP: 43/49 MP: 3/15
  4567 | D:5      | Found a staircase to the Ecumenical Temple.
  4576 | Temple   | Entered the Ecumenical Temple
  4693 | Temple   | Became a worshipper of Ashenzari the Shackled
  4795 | D:5      | Found Yhuv's Assorted Antiques.
  4836 | D:5      | Bought 2 sedimented ruby potions for 45 gold pieces
  4979 | D:3      | Reached skill level 6 in Spellcasting
  5030 | D:3      | Found a shimmering blue altar of Sif Muna.
  5223 | D:3      | Killed from afar by Ijyb

Illustrated notes

Levels and vault maps discovered:
D:1:      lemuel_arrival_lava_pool, layout_basic
D:2:      layout_basic
D:3:      wad_crossroads, layout_basic, lemuel_crystal_altar,
          hellmonk_ecumenical_altar_crossroads, uniq_grinder, uniq_ijyb
D:4:      layout_basic, serial_shops, nicolae_shop_stone, serial_bayou_crossing
D:5:      layout_layer_cave, temple_fountains, serial_shops,
          nicolae_diamond_shop
Temple:   dpeg_five_rooms_temple

Skill      XL: |  1  2  3  4  5  6  7 |
---------------+----------------------+-----
Conjurations   | 4 5 |  5.2
Spellcasting   | 3 4 5 6 |  6.1
Hexes          | 1 3 |  3.7
Dodging        | |  1.5
Stealth        | |  1.2

Action                   |  1- 3 |  4- 6 |  7- 9 || total
-------------------------+-------+-------+-------++-------
Melee: Unarmed           |    12 |       |       ||    12
       Tailslap          |     1 |       |       ||     1
 Cast: Magic Dart        |    96 |    30 |    15 ||   141
       Searing Ray       |     5 |     9 |    11 ||    25
       Fulminant Prism   |       |       |     1 ||     1
 Abil: Rolling Charge    |     2 |       |       ||     2
  Use: Scroll            |     5 |     4 |       ||     9
Armor: Robe              |    12 |    14 |     2 ||    28
Dodge: Dodged            |    17 |    10 |     8 ||    35
